 Seeded DCSS version 0.29-a0-356-g7bc237e783 (webtiles) character file.

Game seed: 13387057801375688922 (custom seed)

1276 zeratav the Martial Artist (level 8, 0/55 HPs)
             Began as an Octopode Transmuter on Apr 26, 2022.
             Slain by an ogre
             ... wielding a +0 giant spiked club
              (29 damage)
             ... on level 6 of the Dungeon.
             The game lasted 00:06:23 (6408 turns).

zeratav the Martial Artist (Octopode Transmuter)    Turns: 6408, Time: 00:06:23

Health: 0/55       AC:  5    Str: 18    XL:     8   Next: 54%
Magic:  11/11      EV: 14    Int: 18    God:
Gold:   415        SH:  0    Dex: 12    Spells: 10/11 levels left

rFire   + . .      SeeInvis .   k - +4 club (spect) {mace}
rCold   . . .      Faith    .   (no shield)
rNeg    . . .      Spirit   .   (helmet restricted)
rPois   .          Reflect  .   y - amulet of regeneration {@e2}
rElec   .          Harm     .   d - ring of Useulu {rF+ Str+3 Stlth+}
rCorr   .          Rampage  .   t - +4 ring of protection
Will    .....                   A - +6 ring of strength
Stlth   +++.......              (no ring)
HPRegen 0.98/turn               (no ring)
MPRegen 0.12/turn               (no ring)
                                (no ring)
                                (no ring)

@: no status effects
A: almost no armour, amphibious, 8 rings, camouflage 1, gelatinous body 1,
(nimble swimmer 1), tentacles
a: no special abilities


You were on level 6 of the Dungeon.
You visited 1 branch of the dungeon, and saw 6 of its levels.

You collected 415 gold pieces.


Innate Abilities, Weirdness & Mutations

You cannot wear most types of armour.
You are amphibious.
You can wear up to eight rings at the same time.
Your skin changes colour to match your surroundings (Stealth+).
Your rubbery body absorbs attacks. (AC +1, EV +1)
((You are camouflaged when in or above water. (Stealth+)))
You have tentacles for arms and can constrict up to eight enemies at once.


   Skills:
 - Level 5.0 Fighting
 - Level 5.0 Dodging
 + Level 8.0 Unarmed Combat
 - Level 2.0 Spellcasting
 - Level 2.0 Transmutations


You had 10 spell levels left.
You knew the following spells:

 Your Spells              Type           Power      Damage    Failure   Level
a - Beastly Appendage     Tmut           18%        N/A       8%          1

Your spell library contained the following spells:

 Spells                   Type           Power      Damage    Failure   Level
 Wereblood                Tmut           9%         N/A       12%         2
 Sandblast                Erth           2%         2d4       19%         1
 Passwall                 Tmut/Erth      4%         N/A       19%         2
 Sublimation of Blood     Necr           1%         N/A       26%         2
 Spider Form              Tmut/Pois      5%         N/A       34%         3
 Stone Arrow              Conj/Erth      2%         3d7       47%         3
 Ice Form                 Ice/Tmut       5%         N/A       75%         4
 Summon Hydra             Summ           0%         N/A       100%        7

Inventory:

Hand Weapons
 k - a +4 spectral club (weapon) {mace}
   (You took it off Jessica on level 2 of the Dungeon)
Jewellery
 d - the ring of Useulu (left tentacle) {rF+ Str+3 Stlth+}
   (You acquired it on level 1 of the Dungeon)

   [ring of protection from fire]

   Str:       It affects your strength (+3).
   rF:        It protects you from fire.
   Stlth:     It makes you more stealthy.
 m - an amulet of faith {!P}
   (You found it on level 2 of the Dungeon)
 t - a +4 ring of protection (right tentacle)
   (You found it on level 4 of the Dungeon)
 y - an amulet of regeneration (around mantle) {@e2}
   (You found it on level 5 of the Dungeon)
 A - a +6 ring of strength (on tentacle)
   (You found it on level 6 of the Dungeon)
Wands
 z - a wand of charming (13)
   (You found it on level 6 of the Dungeon)
Scrolls
 b - 3 scrolls of teleportation {unknown}
 e - a scroll of enchant weapon {unknown}
 h - 2 scrolls of enchant armour {unknown}
 i - a scroll of vulnerability {unknown}
 o - a scroll of fear {unknown}
 r - a scroll of noise {unknown}
 s - 4 scrolls of holy word {unknown}
 v - a scroll of acquirement
 w - 3 scrolls of immolation {unknown}
 x - 2 scrolls of fog {unknown}
Potions
 a - 3 potions of lignification {!q}
 c - 8 potions of curing {@q1}
 f - a potion of heal wounds {unknown}
 g - 3 potions of attraction {unknown}
 j - a potion of berserk rage {unknown}
 l - a potion of cancellation {unknown}
 n - 2 potions of flight {unknown}
 p - a potion of mutation {unknown}
 q - 2 potions of ambrosia {unknown}
 u - a potion of resistance {unknown}

Dungeon Overview and Level Annotations

Branches:
Dungeon (6/15)
 Temple: D:4-7

Altars:
Fedhas
Xom

Annotations:
D:2 1 runed translucent door, Crazy Yiuf

#.##
##.##......###....... #.#
#.###.###.## #...... #.#
#.# ####...###..# #.# #.#
##......# #.## ##.##
##........#
...#####...####........##
.8.......8...##........#
...#####...#.###.....###
#.## ##.##.# #@$...# ###
#......O(.#..#
#####.....#### #.....#
###.### ##


You could see an ogre and a friendly +4 spectral club {mace} (summoned).


Message History

The orc barely misses you.
HP[+1]
You hit the orc. Your grab misses the orc.
Your +4 spectral club {mace} hits the orc!
You kill the orc!
No target in view!
No target in view!
No target in view!
No target in view!
No target in view!
No target in view!
No target in view!
No target in view!
No target in view!
Things that are here:
a +2 vorpal flail {mace}; 2 silver boomerangs {throwing}; an orc corpse HP[+1]
Your hp is fully restored (55).
z - a wand of charming (13)
Found a stone staircase leading up.
An iguana comes into view.
An iguana is nearby!
The iguana hisses angrily.
The iguana misses you.
You hit the iguana. Your grab misses the iguana.
Your tentacle-slap misses the iguana.
You squeeze the iguana, but do no damage.
Your +4 spectral club {mace} hits the iguana.
The iguana barely misses you.
You hit the iguana. You grab the iguana. Your squeeze misses the iguana.
Your +4 spectral club {mace} hits the iguana.
You constrict the iguana, but do no damage.
The iguana barely misses your +4 spectral club {mace}.
You hit the iguana. You squeeze the iguana.
You kill the iguana!
No target in view!
No target in view!
No target in view!
No target in view!
No target in view!
No target in view!
No target in view!
No target in view!
No target in view!
No target in view!
No target in view!
No target in view!
No target in view!
No target in view!
No target in view!
You now have 386 gold pieces (gained 8).
Found a stone staircase leading down.
A - a +6 ring of strength You start putting on your amulet.
You continue putting on your amulet of regeneration {@e2}. x5
You finish putting on your amulet of regeneration {@e2}.
The amulet throbs as it attunes itself to your uninjured body.
y - an amulet of regeneration (around mantle) {@e2} Unknown command.
You feel stronger.
A - a +6 ring of strength (on tentacle)
The iguana hisses angrily.
The iguana completely misses you.
You hit the iguana. Your grab misses the iguana.
Your +4 spectral club {mace} closely misses the iguana.
The iguana closely misses you.
You hit the iguana but do no damage. You grab the iguana.
Your +4 spectral club {mace} hits the iguana!
You constrict the iguana. The iguana bites you. The iguana barely misses you.
HP[-5]
You take 5 damage, and now have 50/55 hp.
You hit the iguana.
Your +4 spectral club {mace} hits the iguana!
You kill the iguana!
Training target 5.0 for Dodging reached!
Your Dodging skill increases to level 5!
You need to enable at least one skill for training.
HP[+1]
w - 2 scrolls labelled DEIZXACWARCH (gained 1)
You now have 394 gold pieces (gained 8).
You see here a +0 leather armour.
You now have 405 gold pieces (gained 11).
Found a stone staircase leading up.
HP[+4]
Your hp is fully restored (55).
w - 3 scrolls labelled DEIZXACWARCH (gained 1)
You now have 415 gold pieces (gained 10).
x - 2 scrolls labelled RUEJOM WILULEA (gained 1)
There is a stone staircase leading down here.
An ogre comes into view. It is wielding a +0 giant spiked club.
An ogre is nearby!
The ogre hits you with a +0 giant spiked club!!
HP[-27]
You take 27 damage, and now have 28/55 hp.
MASSIVE DAMAGE!! (PAUSE)
You hit the ogre.
Your +4 spectral club {mace} hits the ogre.
The ogre hits you with a +0 giant spiked club!!
Ouch! That really hurt!
You die...

Skill      XL: |  1  2  3  4  5  6  7  8 |
---------------+-------------------------+-----
Unarmed Combat | 4 5 6 7 8 |  8.0
Fighting       | 4 5 |  5.0
Dodging        | 5 |  5.0
Spellcasting   | |  2.0
Transmutations | |  2.0

Action                   |  1- 3 |  4- 6 |  7- 9 || total
-------------------------+-------+-------+-------++-------
Melee: Unarmed           |    67 |       |       ||    67
       Constrict         |    10 |    26 |    25 ||    61
       Tentacles         |     6 |    16 |    16 ||    38
       Punch             |     1 |     3 |     3 ||     7
       Club              |     2 |    89 |    73 ||   164
  Use: Scroll            |     1 |       |       ||     1
       Potion            |       |       |     1 ||     1
 Stab: Sleeping          |    10 |    12 |     7 ||    29
       Distracted        |       |     2 |       ||     2
Armor: Skin              |     3 |     6 |    13 ||    22
Dodge: Dodged            |    31 |    40 |    51 ||   122

Levels and vault maps discovered:
D:1:      saegor_arrival_fortress, layout_rooms,
          shapermc_ecumenical_altar_acropolis, hangedman_decor_riveting
D:2:      layout_loops_corners, serial_rivers, chequers_serial_rivers_micro_a,
          chequers_serial_rivers_room_b, chequers_serial_rivers_large_b,
          chequers_serial_rivers_micro_b, minmay_randomly_rotated_circles,
          uniq_crazy_yiuf_cottage, uniq_terence, uniq_jessica
D:3:      layout_loops_cross, nicolae_overflow_hidden_temple
D:4:      layout_basic, lemuel_crystal_altar, mainiacjoe_overflow_alcove_2,
          minmay_distorted
D:5:      minmay_evil_eye, layout_cave_pools, minmay_crystal_room
D:6:      layout_cave_pools, kennysheep_donut, minmay_misc_feat_tower

Notes
Turn   | Place    | Note
-------+----------+-------------------------------------------
     0 | D:1      | zeratav the Octopode Transmuter began the quest for the
                  | Orb.
     0 | D:1      | Reached XP level 1. HP: 13/13 MP: 3/3
     0 | D:1      | magus.rc [v1.9.6]
   263 | D:1      | Reached XP level 2. HP: 15/18 MP: 5/5
   323 | D:1      | Found a faded altar of an unknown god.
   401 | D:1      | Identified a scroll of acquirement
   401 | D:1      | Acquired the ring of Useulu {rF+ Str+3 Stlth+}
   455 | D:1      | You pick up a book of Blood and begin reading...
   455 | D:1      | You add the spells Sublimation of Blood and Summon Hydra to
                  | your library.
  1001 | D:1      | You pick up a book of Geomancy and begin reading...
  1001 | D:1      | You add the spells Sandblast, Passwall and Stone Arrow to
                  | your library.
  1014 | D:1      | Reached skill level 4 in Unarmed Combat
  1393 | D:2      | Noticed Terence
  1418 | D:2      | Reached XP level 3. HP: 20/23 MP: 6/6
  1536 | D:2      | Noticed Jessica
  1544 | D:2      | Killed Jessica
  1833 | D:2      | Reached XP level 4. HP: 28/28 MP: 7/7
  1888 | D:2      | Reached skill level 5 in Unarmed Combat
  2360 | D:2      | Found a runed translucent door.
  2361 | D:2      | Noticed Crazy Yiuf
  2527 | D:2      | Killed Terence
  2528 | D:2      | Reached XP level 5. HP: 14/33 MP: 8/8
  3046 | D:3      | Reached skill level 6 in Unarmed Combat
  3620 | D:3      | Reached XP level 6. HP: 25/38 MP: 9/9
  3943 | D:4      | HP: 9/38 [ball python (1)]
  4093 | D:4      | Found a shimmering altar of Xom.
  4258 | D:4      | Reached skill level 7 in Unarmed Combat
  4258 | D:4      | HP: 6/38 [acid (10)]
  4264 | D:4      | Reached XP level 7. HP: 8/43 MP: 10/10
  4557 | D:4      | HP: 9/43 [hobgoblin (2)]
  4558 | D:4      | Reached skill level 8 in Unarmed Combat
  4558 | D:4      | Reached skill level 2 in Fighting
  4558 | D:4      | HP: 4/45 [hobgoblin (5)]
  4563 | D:4      | HP: 4/45 [goblin/sling bullet (5)]
  4949 | D:4      | Reached skill level 3 in Fighting
  5351 | D:4      | Found a blossoming altar of Fedhas.
  5399 | D:5      | Entered Level 5 of the Dungeon
  5835 | D:6      | Reached skill level 4 in Fighting
  5861 | D:6      | Reached XP level 8. HP: 42/54 MP: 11/11
  5978 | D:6      | Reached skill level 5 in Fighting
  6041 | D:6      | Reached skill level 3 in Dodging
  6142 | D:6      | Reached skill level 4 in Dodging
  6229 | D:6      | Reached skill level 5 in Dodging
  6408 | D:6      | Slain by an ogre

Vanquished Creatures
  A water moccasin (D:6)
  A black bear (D:4)
  An ogre (D:4)
  2 phantoms
  2 bullfrogs
  A scorpion (D:6)
  A howler monkey (D:6)
  2 jellies
  2 hounds (D:6)
  An orc priest (D:6)
  Jessica (D:2)
  Terence (D:2)
  6 iguanas
  An orc wizard (D:4)
  12 adders
  2 worms (D:2)
  A dart slug (D:3)
  17 orcs
  12 ball pythons
  4 bats
  8 endoplasms
  7 giant cockroaches
  8 goblins
  9 hobgoblins
  3 jackals (D:5)
  5 quokkas
  4 frilled lizards (D:1)
  2 kobolds (D:1)
  6 rats
123 creatures vanquished.

Table legend:
 A = Non-vault XP
 B = Vault XP
 C = Vault XP percentage of total XP
 D = Non-vault monster count
 E = Vault monster count
 F = Vault count percentage of total count
                 A         B        C        D         E       F
            +---------+---------+-------+---------+---------+-------
      Total |    1704 |     120 |   6.6 |     112 |      11 |   8.9
            +---------+---------+-------+---------+---------+-------
        D:1 |      29 |       0 |   0.0 |      20 |       0 |   0.0
        D:2 |      79 |      82 |  50.9 |      21 |       8 |  27.6
        D:3 |     133 |       0 |   0.0 |      20 |       0 |   0.0
        D:4 |     657 |      38 |   5.5 |      27 |       3 |  10.0
        D:5 |      12 |       0 |   0.0 |       5 |       0 |   0.0
        D:6 |     794 |       0 |   0.0 |      19 |       0 |   0.0
            +---------+---------+-------+---------+---------+-------

Illustrated notes

Table legend:
 A = Kills in this place as a percentage of kills in entire the game.
 B = Kills by you in this place as a percentage of kills by you in the entire game.
 C = Kills by friends in this place as a percentage of kills by friends in the entire game.
 D = Other kills in this place as a percentage of other kills in the entire game.
 E = Experience gained in this place as a percentage of experience gained in the entire game.
 F = Experience gained in this place divided by the number of levels of this place that you have seen.
                   A       B       C       D       E      F
               +-------+-------+-------+-------+-------+----------------------
         Total | 100.0 | 100.0 |   N/A |   N/A | 100.0 | 304.0
       Dungeon | 100.0 | 100.0 |   N/A |   N/A | 100.0 | 304.0
               +-------+-------+-------+-------+-------+----------------------

Table legend: (Time is in decaauts)
 A = Elapsed time spent in this place.
 B = Non-inter-level travel time spent in this place.
 C = Inter-level travel time spent in this place.
 D = Time resting spent in this place.
 E = Time spent auto-exploring this place.
 F = Levels seen in this place.
 G = Mean time per level.
                   A        B        C        D        E       F      G
               +--------+--------+--------+--------+--------+-----+--------+
         Total |   6448 |   6321 |    127 |   1590 |   3964 |   6 | 1074.7 |
       Dungeon |   6448 |   6321 |    127 |   1590 |   3964 |   6 | 1074.7 |
               +--------+--------+--------+--------+--------+-----+--------+

Top non-repeatable levels by time:
     D:2: 1855 daAuts
     D:4: 1487 daAuts
     D:1: 1189 daAuts
     D:3: 893 daAuts
     D:6: 592 daAuts
     D:5: 430 daAuts
